 Dungeon Crawl Stone Soup version 0.24.0-1-gfbc8707122 (webtiles) character file.

Game seed: 14642948662796557975, levelgen mode: deterministic

14423 Ponchio the Demon Slayer (level 12, -3/77 HPs)
             Began as a Gargoyle Fighter on Oct 26, 2019.
             Was a High Priest of the Shining One.
             Slain by Jorgrun
             ... wielding an uncursed staff of earth
              (9 damage)
             ... on level 1 of the Orcish Mines.
             The game lasted 00:46:50 (12422 turns).

Ponchio the Demon Slayer (Gargoyle Fighter)        Turns: 12422, Time: 00:46:51

Health: -3/77      AC: 17    Str: 21    XL:     12   Next: 16%
Magic:  0/19       EV: 10    Int:  9    God:    the Shining One [*****.]
Gold:   1041       SH: 11    Dex: 13    Spells: 11/11 levels left

rFire    + . .     SeeInvis .   B - +0 whip (venom)
rCold    x . .     Gourm    .   c - +0 shield
rNeg     + + +     Faith    .   z - -1 ring mail (curse)
rPois    ∞         Spirit   +   t - +0 helmet
rElec    +         Reflect  .   u - scarf {repulsion}
rCorr    .         Harm     .   b - +0 pair of gloves
MR       .....                  (no boots)
Stlth    +.........             q - amulet of guardian spirit
HPRegen  0.22/turn              (no ring)
MPRegen  0.16/turn              r - ring of fire

@: about to teleport, grasped by roots, glowing, constricted, repel missiles
A: negative energy resistance 1, electricity resistance, unbreathing,
petrification resistance, rot immunity, AC +8
a: Divine Shield, Cleansing Flame, Summon Divine Warrior, Renounce Religion


You were on level 1 of the Orcish Mines.
You worshipped the Shining One.
The Shining One was extremely pleased with you.
You were hungry.

You visited 3 branches of the dungeon, and saw 13 of its levels.

You collected 1041 gold pieces.

Inventory:

Hand Weapons
 k - a +3 flail
 B - a +0 whip of venom (weapon)
Armour
 b - a +0 pair of gloves (worn)
 c - a +0 shield (worn)
 t - a +0 helmet (worn)
 u - a scarf of repulsion (worn)
 v - a +1 ring mail
 z - a cursed -1 ring mail (worn)
Jewellery
 i - an uncursed ring of attention
 m - an uncursed amulet of faith
 q - an amulet of guardian spirit (around neck)
 r - a ring of fire (right hand)
Wands
 a - a wand of acid (2)
 l - a wand of digging (5)
 s - a wand of enslavement (6)
 w - a wand of flame (6)
Scrolls
 e - a scroll of amnesia
 g - 6 scrolls of identify
 h - 2 scrolls of magic mapping
 n - 2 scrolls of fear
Potions
 d - a potion of might
 j - a potion of lignification
 o - 4 potions of flight
 p - a potion of haste {unknown}
 x - a potion of cancellation {unknown}
Comestibles
 f - 13 rations


   Skills:
 - Level 10.0 Fighting
 - Level 8.9 Maces & Flails
 - Level 7.1 Armour
 * Level 6.3 Dodging
 + Level 8.2 Shields
 + Level 10.5 Invocations


You had 11 spell levels left.
You didn't know any spells.
Your spell library contained the following spells:

 Spells                   Type           Power        Failure   Level  Hunger
 Animate Skeleton         Necr           N/A          83%         1    ##.....
 Apportation              Tloc           #.....       83%         1    ##.....
 Confusing Touch          Hex            #.....       83%         1    ##.....
 Flame Tongue             Conj/Fire      #....        83%         1    ##.....
 Magic Dart               Conj           #...         83%         1    ##.....
 Summon Small Mammal      Summ           #...         83%         1    ##.....
 Blink                    Tloc           N/A          92%         2    ###....
 Call Imp                 Summ           #.......     92%         2    ###....
 Slow                     Hex            #.......     92%         2    ###....
 Throw Flame              Conj/Fire      #.....       92%         2    ###....
 Conjure Flame            Conj/Fire      #.......     99%         3    ####...
 Inner Flame              Hex/Fire       #.......     99%         3    ####...
 Mephitic Cloud           Conj/Pois/Air  #.......     99%         3    ####...
 Sticky Flame             Conj/Fire      #.......     100%        4    #####..
 Fireball                 Conj/Fire      #.........   100%        5    ######.


Dungeon Overview and Level Annotations

Branches:
Dungeon (10/15)            Temple (1/1) D:6             Orc (2/2) D:10
   Lair: D:8-11         Elf: Orc:2

Altars:
Fedhas
Gozag
Kikubaaqudgha
Qazlal
Ru
Sif Muna
Uskayaw
Zin
The Shining One

Shops:
D:10 }

Annotations:
Orc:1 Jorgrun


Innate Abilities, Weirdness & Mutations

You are resistant to torment.
Your stone body is resilient. (AC +8)
You are immune to poison.
You resist negative energy. (rN+)
You are resistant to electric shocks. (rElec)
You can survive without breathing.
You are immune to petrification.
You are immune to rotting.


Message History

Jorgrun is lightly wounded.
Jorgrun hits you but does no damage.
You hit Jorgrun but do no damage.
Jorgrun looks as sick as possible!
Jorgrun is lightly wounded.
Jorgrun gestures at you while chanting.
Roots burst forth from the earth!
The grasping roots grab you! The grasping roots constrict you!
Evoke which item? (* to show all) (? for menu, Esc to quit)
Okay, then.
You are momentarily dazzled by a brilliant light.
You feel somewhat more hungry.
Jorgrun hits you with an uncursed staff of earth.
Jorgrun crushes you!
* * * LOW HITPOINT WARNING * * *
x2 The grasping roots constrict you!
Okay, then.
As you read the scroll of teleportation, it crumbles to dust.
You feel strangely unstable. You block Jorgrun's attack.
You die...

## ##. #.) *## ##. **.##
######### ### *,..* ##.##.#...
##.## ###.## #......... #...#
##....# ##.##..... ####.##
#..@g#* ##.##..... #.##.####
##A###** #......... ......#.##
##...#*,** ##......>. #..#.....##
#...##...###..#......
#.........###...###..#...........
#.........##.....##..............
##..#.............#....#.........
##.#......#.......##....#....)#..
.......#.......))).#.............


You could see Jorgrun and a friendly daeva.

Vanquished Creatures
  Erolcha (Orc:2)
  A two-headed ogre (D:10)
  An unseen horror (D:10)
  An orc sorcerer (Orc:1)
  A gargoyle (D:10)
  Psyche (D:9)
  10 trolls
  A hornet (D:10)
  A spriggan (D:7)
  2 hungry ghosts (D:10)
  A warg (Orc:1)
  A two-headed ogre zombie (D:10)
  Duvessa (D:7)
  6 orc warriors
  A porcupine (D:9)
  3 ice beasts
  3 sky beasts
  2 necrophages
  A black bear (D:10)
  5 ogres
  6 centaurs
  A crocodile (D:8)
  A big kobold (D:6)
  6 bullfrogs
  A water moccasin zombie (D:10)
  A wyvern zombie (D:10)
  Dowan (D:7)
  2 troll zombies (D:10)
  4 scorpions
  57 killer bees
  5 howler monkeys (D:8)
  8 wights
  2 crimson imps
  5 bullfrog zombies
  A hound (D:7)
  2 jellies (D:5)
  4 centaur skeletons
  10 orc priests
  Natasha (D:3)
  3 iguanas
  8 orc wizards
  11 worker ants
  A killer bee zombie (D:8)
  5 ogre zombies (D:10)
  A hound zombie (D:6)
  2 hound skeletons
  6 gnolls (D:7)
  15 adders
  A shadow imp (D:10)
  4 worms
  A dart slug (D:3)
  10 leopard geckos
  31 orcs
  2 giant cockroaches
  8 goblins
  7 hobgoblins
  15 jackals
  15 kobolds
  4 quokkas
  3 ball pythons
  7 bats
  6 frilled lizards
  3 goblin skeletons (D:10)
  2 goblin zombies (D:10)
  2 hobgoblin skeletons (D:10)
  A hobgoblin zombie (D:10)
  A jackal skeleton (D:5)
  A leopard gecko skeleton (D:6)
  An orc skeleton (D:10)
  16 orc zombies (D:10)
  3 quokka skeletons
  6 rats
  A bush (D:6)
  A plant (D:6)
366 creatures vanquished.

Vanquished Creatures (others)
  A big kobold (D:9)
1 creature vanquished.

Grand Total: 367 creatures vanquished

Notes
Turn   | Place    | Note
-------+----------+-------------------------------------------
     0 | D:1      | Ponchio the Gargoyle Fighter began the quest for the Orb.
     0 | D:1      | Reached XP level 1. HP: 14/14 MP: 1/1
   219 | D:1      | Reached XP level 2. HP: 15/19 MP: 2/2
   981 | D:2      | Reached XP level 3. HP: 21/24 MP: 3/3
  1222 | D:2      | Reached XP level 4. HP: 16/30 MP: 4/4
  1377 | D:2      | Found a sacrificial altar of Ru.
  1704 | D:2      | Found an ancient bone altar of Kikubaaqudgha.
  1886 | D:3      | Reached XP level 5. HP: 34/34 MP: 5/5
  1937 | D:3      | Reached skill level 5 in Fighting
  2253 | D:3      | Noticed Natasha
  2262 | D:3      | Killed Natasha
  2614 | D:4      | Noticed an ogre
  2680 | D:4      | Found a glowing silver altar of Zin.
  2738 | D:4      | Reached XP level 6. HP: 34/40 MP: 6/6
  3092 | D:4      | Reached skill level 5 in Maces & Flails
  3363 | D:4      | Found a blossoming altar of Fedhas.
  3555 | D:4      | Reached XP level 7. HP: 39/47 MP: 5/7
  3699 | D:4      | Found a glowing golden altar of the Shining One.
  3718 | D:4      | Became a worshipper of the Shining One
  3857 | D:5      | Entered Level 5 of the Dungeon
  3922 | D:5      | Reached skill level 1 in Invocations
  4646 | D:5      | Reached XP level 8. HP: 53/53 MP: 8/10
  5276 | D:6      | Found a staircase to the Ecumenical Temple.
  5353 | D:6      | Reached * piety under the Shining One
  5518 | Temple   | Entered the Ecumenical Temple
  5824 | D:6      | Reached skill level 5 in Invocations
  5957 | D:6      | Reached XP level 9. HP: 60/60 MP: 12/12
  6331 | D:7      | Noticed a +0 dagger
  6331 | D:7      | Noticed a +0 dagger
  6335 | D:7      | Found a hide-covered altar of Uskayaw.
  6401 | D:7      | Noticed Duvessa
  6401 | D:7      | Noticed Dowan
  6546 | D:7      | Killed Duvessa
  6556 | D:7      | Killed Dowan
  6701 | D:7      | Found a shimmering blue altar of Sif Muna.
  7352 | D:8      | Reached ** piety under the Shining One
  7442 | D:8      | Found a stormy altar of Qazlal.
  7763 | D:8      | Reached XP level 10. HP: 47/68 MP: 15/15
  7946 | D:8      | Reached skill level 10 in Fighting
  8269 | D:9      | Reached skill level 1 in Dodging
  8998 | D:9      | Reached skill level 5 in Shields
  9006 | D:9      | Reached skill level 5 in Armour
  9054 | D:9      | Noticed Psyche
  9431 | D:9      | Reached *** piety under the Shining One
  9444 | D:9      | Killed Psyche
  9486 | D:9      | Found an opulent altar of Gozag.
  9874 | D:9      | Identified the +7 short sword of Eternal War {elec, rN+
                  | Str-5 Int+3}
  9883 | D:9      | Reached XP level 11. HP: 59/72 MP: 13/17
 10115 | D:10     | Entered Level 10 of the Dungeon
 10129 | D:10     | Found a staircase to the Orcish Mines.
 10132 | D:10     | Reached **** piety under the Shining One
 10185 | D:10     | Reached ***** piety under the Shining One
 10336 | D:10     | Noticed a two-headed ogre
 10351 | D:10     | Killed a two-headed ogre
 10847 | D:10     | Noticed an unseen horror
 10863 | D:10     | Killed an unseen horror
 10863 | D:10     | Reached skill level 5 in Dodging
 10863 | D:10     | Reached skill level 10 in Invocations
 10943 | D:10     | Found Zahalyto's Gadget Shoppe.
 11254 | Orc:1    | Entered Level 1 of the Orcish Mines
 11377 | Orc:2    | Entered Level 2 of the Orcish Mines
 11475 | Orc:2    | Noticed Erolcha
 11486 | Orc:2    | Killed Erolcha
 11486 | Orc:2    | Reached XP level 12. HP: 54/77 MP: 14/19
 12413 | Orc:1    | Noticed Jorgrun
 12422 | Orc:1    | Slain by Jorgrun

Levels and vault maps discovered:
D:1:      dpeg_arrival_castle, layout_loops_corners
D:2:      minmay_evil_eye, layout_loops_cross, nicolae_overflow_crystal_walls,
          nicolae_ru_awakened_eye, first_ration, grunt_ministairs_4,
          minmay_misc_feat_square, kennysheep_decorative_pillar
D:3:      layout_loops_ring, kennysheep_generic_room_4, uniq_natasha
D:4:      layout_basic, lemuel_crystal_altar, nicolae_tso_swordbearing_angel,
          kennysheep_mini_moat, serial_glass, glass_columns_b, glass_columns_b
D:5:      layout_layer_cave
D:6:      layout_rooms, minmay_temple_entry_offerings, lexackson_kobold_supper
D:7:      layout_loops_ring, dancing_weapons_uskayaw, basic_altar, the_bakery,
          uniq_duvessa
D:8:      layout_cave_pools, grunt_ministairs_8,
          nicolae_qazlal_general_emergency
D:9:      wad_woods_minihive, layout_irregular_city, grunt_gozag_breadcrumbs,
          uniq_psyche
D:10:     layout_irregular_city, zombieorc2_lemuel, serial_shops,
          nicolae_shop_window_shopping
Temple:   regret_index_temple_generic_petals
Orc:1:    layout_caves, nicolae_orc_jurassic_orc, uniq_jorgrun
Orc:2:    st_orc_rangers, layout_caves, uniq_erolcha, uniq_nessos, uniq_sonja

Skill      XL: |  1  2  3  4  5  6  7  8  9 10 11 12 |
---------------+-------------------------------------+-----
Fighting       | 4 5 6 7 8 9 10 | 10.0
Maces & Flails | 3 4 5 6 7 8 |  8.9
Invocations    | 3 5 7 8 10 | 10.5
Dodging        | 3 5 6 |  6.3
Shields        | 5 7 8 |  8.2
Armour         | 5 7 |  7.1

Action                   |  1- 3 |  4- 6 |  7- 9 | 10-12 || total
-------------------------+-------+-------+-------+-------++-------
Melee: Flail             |   206 |   160 |   506 |   685 ||  1557
       Whip              |       |       |       |    76 ||    76
Invok: Summon Divine War |       |       |       |     1 ||     1
Evoke: Wand              |       |       |       |     2 ||     2
  Use: Potion            |       |     2 |     6 |     2 ||    10
       Scroll            |       |       |    16 |     3 ||    19
  Eat: Chunk             |     1 |     8 |    10 |    12 ||    31
       Ration            |       |       |     1 |     2 ||     3
Armor: Scale mail        |   126 |    15 |       |       ||   141
       Ring mail         |       |    67 |   292 |   383 ||   742
Dodge: Dodged            |    81 |    59 |   224 |   409 ||   773
       Deflected         |       |       |       |    14 ||    14
Block: Shield            |   142 |    82 |   263 |   524 ||  1011
